 Dungeon Sprint DCSS version 0.22-a0-109-gbeb7240 (webtiles) character file.

15057 theanonym the Severer (level 12, -6/228 (231) HPs)
             Began as an Ogre Gladiator on Jan 26, 2018.
             Was the Champion of Makhleb.
             Mangled by an emperor scorpion (16 damage)
             ... summoned by a greater mummy
             ... in the Dungeon (Sprint V: "Ziggurat Sprint").
             The game lasted 00:03:40 (872 turns).

theanonym the Severer (Ogre Gladiator)               Turns: 872, Time: 00:03:41

HP:   -6/228 (231)  AC: 24    Str: 42    XL:     12   Next: 23%
MP:   12/12         EV:  7    Int:  9    God:    Makhleb [******]
Gold: 0             SH:  0    Dex: 13    Spells: 11/11 levels left

rFire    + + .     SeeInvis .   I - +8 frozen axe "Frostbite" {freezing cloud, *Noise +Fly rC+}
rCold    + + .     Gourm    .   (shield currently unavailable)
rNeg     . . .     Faith    .   m - +5 gold dragon scales {23 rF+ rC+ rPois}
rPois    +         Spirit   .   c - +0 hat
rElec    .         Reflect  .   (no cloak)
rCorr    .         Harm     .   (gloves unavailable)
MR       +....     NoTele   +   (boots unavailable)
Stlth    ..........             B - amulet "Himaff" {rF+ Regen+ Dex+3}
HPRegen  0.88/turn              G - +6 ring of strength
MPRegen  0.13/turn              H - +6 ring of strength

@: mighty, berserking, lethally poisoned (-6 -> -19), hasted and slowed
A: large, unfitting armour, tough skin 1
a: Minor Destruction, Lesser Servant of Makhleb, Major Destruction, Greater
Servant of Makhleb, Renounce Religion, Evoke Flight


Innate Abilities, Weirdness & Mutations

You are too large for most types of armour.
You have tough skin. (AC +1)


   Skills:
 + Level 19.1 Fighting
 * Level 20.3 Axes
 - Level 2.0 Throwing
 + Level 12.3 Armour
 - Level 2.6 Dodging


You had 11 spell levels left.
You didn't know any spells.

Skill      XL: |  1  2  3  4  5  6  7  8  9 10 11 12 |
---------------+-------------------------------------+-----
Axes           | 8 9 10 11 12 14 16 17 20 | 20.3
Fighting       | 7 9 10 12 13 15 16 18 19 | 19.1
Armour         | 2 3 4 5 7 9 10 12 | 12.3
Throwing       | |  2.0
Dodging        | |  2.6

Action                   |  1- 3 |  4- 6 |  7- 9 | 10-12 || total
-------------------------+-------+-------+-------+-------++-------
Melee: Executioner's axe |     4 |    26 |    48 |    49 ||   127
  Use: Potion            |     3 |     1 |     2 |     5 ||    11
       Scroll            |       |       |       |     1 ||     1
 Stab: Invisible         |       |       |     8 |     3 ||    11
Armor: Gold dragon scale |     2 |    26 |    48 |    79 ||   155
Dodge: Dodged            |     1 |     9 |    17 |    30 ||    57

Inventory:

Hand Weapons
 a - a +0 war axe
 g - a +5 executioner's axe
   (You found it in the Dungeon)
 I - the +8 frozen axe "Frostbite" (weapon) {freezing cloud, *Noise +Fly rC+}
   (You found it in the Dungeon)

   It has been specially enchanted to freeze those struck by it, causing extra
   injury to most foes and up to half again as much damage against particularly
   susceptible opponents.
   It can also slow down cold-blooded creatures.
   It protects you from cold.
   It lets you fly.
   It may make noises in combat.
Missiles
 d - 3 throwing nets (quivered)
Armour
 c - a +0 hat (worn)
 k - a +0 robe {0}
 m - +5 gold dragon scales (worn) {23 rF+ rC+ rPois}
   (You found it in the Dungeon)
Jewellery
 B - the amulet "Himaff" (around neck) {rF+ Regen+ Dex+3}
   (You found it in the Dungeon)

   [amulet of regeneration]

   It affects your dexterity (+3).
   It protects you from fire.
   It increases your rate of regeneration.
 C - a +6 ring of dexterity
   (You found it in the Dungeon)
 D - a +6 ring of dexterity
   (You found it in the Dungeon)
 E - a +6 ring of intelligence
   (You found it in the Dungeon)
 F - a +6 ring of intelligence
   (You found it in the Dungeon)
 G - a +6 ring of strength (left hand)
   (You found it in the Dungeon)
 H - a +6 ring of strength (right hand)
   (You found it in the Dungeon)
Wands
 v - a wand of acid (7)
   (You found it in the Dungeon)
 y - a wand of disintegration (7)
   (You found it in the Dungeon)
 A - a wand of iceblast (7)
   (You found it in the Dungeon)
Scrolls
 b - 4 scrolls of blinking
 f - 6 scrolls of fog
 l - 4 scrolls of amnesia
 n - a scroll of holy word
 o - 5 scrolls of remove curse
 p - 2 scrolls of fear
 r - 5 scrolls of identify
Potions
 h - 2 potions of haste
 i - 7 potions of magic
 j - a potion of berserk rage
 q - 10 potions of heal wounds
 s - 2 potions of brilliance
 t - a potion of invisibility
 u - 4 potions of resistance {rF+ rC+}
 w - 9 potions of curing
 x - 5 potions of agility
 z - 3 potions of might
Comestibles
 e - 7 rations You were in the Dungeon. You worshipped Makhleb. Makhleb was exalted by your worship. You were not hungry. You visited 1 branch

Dungeon Overview and Level Annotations

Branches:
Dungeon (1/1)

Altars:
Ashenzari
Cheibriados
Dithmenos
Elyvilon
Fedhas
Gozag
Hepliaklqana
Kikubaaqudgha
Makhleb
Nemelex Xobeh
Okawaru
Qazlal
Ru
Sif Muna
Trog
Uskayaw
Vehumet
Wu Jian
Xom
Yredelemnul
Zin
The Shining One
Beogh
Jiyva
Lugonu

▓...|"[:ss..▓...8©8...
▓...........▓..)[|=|..
▓...........▓....}|...
...........▓...).....
.....Ms.. ▓).)......
▓.M.MM▓ ▓..(.).... ▓
▓▓§sM▓▓ ▓(.(......
▓..▓ssMM.▓..▓.▓.)...▓.
▓...§@ss§...▓....©....
▓▓▓▓▓▓▓▓▓▓▓▓▓▓▓▓▓▓▓▓▓▓
▓...8©8...▓...8©8...▓.
▓..:|:}}|.▓..)})|=..▓.
▓..||)))..▓..:}})=..▓.
▓.........▓.........▓.
▓.........▓.........▓.
▓.........▓.........▓.
▓...†))...▓.........▓.


You could see 2 greater mummies, 6 emperor scorpions and 4 mummies.

Notes
Turn   | Place    | Note
-------+----------+-------------------------------------------
     0 | D        | Found the +6 Majin-Bo {vamp, Archmagi MP+6 Int+6}
     0 | D        | Found the +7 great mace "Firestarter" {inner flame, rF++}
     0 | D        | theanonym the Ogre Gladiator began the quest for the Orb.
     0 | D        | Reached XP level 1. HP: 22/22 MP: 1/1
     3 | D        | Found a blossoming altar of Fedhas.
     4 | D        | Found a viscous altar of Jiyva.
     4 | D        | Found a hazy altar of Hepliaklqana.
     4 | D        | Found a transporter.
     4 | D        | Found an opulent altar of Gozag.
     4 | D        | Found an ancient bone altar of Kikubaaqudgha.
     4 | D        | Found a corrupted altar of Lugonu.
    15 | D        | Found a burning altar of Makhleb.
    16 | D        | Found a sacrificial altar of Ru.
    16 | D        | Found a stormy altar of Qazlal.
    16 | D        | Found a deep blue altar of Sif Muna.
    16 | D        | Found an iron altar of Okawaru.
    16 | D        | Found a bloodstained altar of Trog.
    16 | D        | Found a sparkling altar of Nemelex Xobeh.
    33 | D        | Found the +9 heavy crossbow "Sniper" {velocity, Acc+∞ SInv}
    33 | D        | Found the +10 dark maul {crush}
    33 | D        | Found the +15 Maxwell's patent armour {-Cast -Tele rElec MR+ rCorr}
    33 | D        | Found the +18 shield of the Gong {rElec rN+ MR+ EV-5}
    33 | D        | Found the cursed +14 obsidian axe {chop, +Fly SInv *Curse}
    34 | D        | Found the +6 shillelagh "Devastator" {shatter}
    34 | D        | Found the +11 plutonium sword {*Contam Stlth-}
    34 | D        | Found the +8 lance "Wyrmbane" {slay drac, rPois rF+ rC+ AC+3}
    34 | D        | Found the +9 sword of Zonguldrok {reap}
    34 | D        | Found the cursed +13 scythe of Curses {drain, *Curse}
    34 | D        | Found the +0 sword of Power
    34 | D        | Found the +13 mace of Variability {chaos}
    34 | D        | Found the +7 Singing Sword
    34 | D        | Found the +7 longbow "Piercer" {penet, EV-2}
    36 | D        | Became a worshipper of Makhleb the Destroyer
    50 | D        | Reached skill level 8 in Axes
    50 | D        | Reached XP level 2. HP: 29/29 MP: 2/2
    60 | D        | Entered arena 2.
    60 | D        | Noticed a naga
    60 | D        | Found a transporter.
    62 | D        | Reached skill level 3 in Fighting
    65 | D        | Killed a naga
    65 | D        | Reached skill level 7 in Fighting
    65 | D        | Reached skill level 9 in Axes
    65 | D        | Reached skill level 2 in Armour
    65 | D        | Reached XP level 3. HP: 42/46 MP: 3/3
    65 | D        | Reached XP level 4. HP: 51/55 MP: 4/4
    65 | D        | Reached XP level 5. HP: 57/62 MP: 5/5
    70 | D        | Entered arena 3.
    70 | D        | Found a transporter.
    75 | D        | Reached * piety under Makhleb
    76 | D        | Reached skill level 3 in Armour
    76 | D        | Reached skill level 8 in Fighting
    76 | D        | Reached skill level 10 in Axes
    81 | D        | Entered arena 4.
    81 | D        | Noticed a necrophage
    81 | D        | Found a transporter.
    83 | D        | Reached ** piety under Makhleb
    85 | D        | Killed a necrophage
    85 | D        | Reached skill level 9 in Fighting
    85 | D        | Reached XP level 6. HP: 74/76 MP: 6/6
    93 | D        | Entered arena 5.
    93 | D        | Found a transporter.
    95 | D        | Reached *** piety under Makhleb
    98 | D        | Reached skill level 4 in Armour
    99 | D        | Reached skill level 10 in Fighting
    99 | D        | Reached skill level 11 in Axes
   106 | D        | Entered arena 6.
   106 | D        | Found a transporter.
   110 | D        | Reached **** piety under Makhleb
   118 | D        | HP: 37/79 [orc priest/divine providence (12)]
   120 | D        | Reached XP level 7. HP: 41/87 MP: 7/7
   321 | D        | Entered arena 7.
   322 | D        | Found a transporter.
   324 | D        | Reached skill level 11 in Fighting
   325 | D        | Reached ***** piety under Makhleb
   332 | D        | Reached skill level 5 in Armour
   336 | D        | Got the amulet "Himaff" {rF+ Regen+ Dex+3}
   396 | D        | Entered arena 8.
   397 | D        | Found a transporter.
   401 | D        | HP: 44/88 [orc priest/divine providence (15)]
   404 | D        | Reached ****** piety under Makhleb
   404 | D        | Reached skill level 12 in Axes
   618 | D        | Entered arena 9.
   619 | D        | Found a transporter.
   624 | D        | Reached skill level 12 in Fighting
   625 | D        | Reached XP level 8. HP: 98/98 MP: 8/8
   633 | D        | Entered arena 10.
   633 | D        | Noticed a water elemental
   633 | D        | Noticed a deep elf mage
   633 | D        | Noticed a deep elf archer
   633 | D        | Noticed a deep elf mage
   633 | D        | Noticed a deep elf mage
   633 | D        | Noticed a deep elf mage
   633 | D        | Noticed a deep elf archer
   636 | D        | Found a transporter.
   640 | D        | Killed a deep elf mage
   640 | D        | Reached skill level 13 in Axes
   640 | D        | Reached skill level 6 in Armour
   643 | D        | Killed a deep elf mage
   643 | D        | Reached skill level 13 in Fighting
   643 | D        | Reached skill level 14 in Axes
   643 | D        | Reached skill level 7 in Armour
   643 | D        | Reached XP level 9. HP: 110/110 MP: 9/9
   646 | D        | Killed a deep elf mage
   651 | D        | Killed a deep elf archer
   651 | D        | Reached skill level 14 in Fighting
   651 | D        | Reached skill level 15 in Axes
   651 | D        | Reached skill level 8 in Armour
   666 | D        | Killed a deep elf mage
   672 | D        | Killed a deep elf archer
   672 | D        | Reached skill level 15 in Fighting
   672 | D        | Reached skill level 16 in Axes
   672 | D        | Reached skill level 9 in Armour
   672 | D        | Reached XP level 10. HP: 124/124 MP: 10/10
   677 | D        | Entered arena 11.
   677 | D        | Noticed a large abomination
   677 | D        | Noticed an apocalypse crab
   677 | D        | Noticed a tentacled starspawn
   678 | D        | Found the +8 longbow "Zephyr" {speed, Dex+3 SInv}
   678 | D        | Found the +8 frozen axe "Frostbite" {freezing cloud, *Noise +Fly rC+}
   678 | D        | Found a transporter.
   684 | D        | Killed a tentacled starspawn
   684 | D        | Reached skill level 16 in Fighting
   684 | D        | Reached skill level 17 in Axes
   687 | D        | HP: 61/127 [large abomination (3)]
   688 | D        | Killed a large abomination
   688 | D        | Reached skill level 10 in Armour
   688 | D        | Killed an apocalypse crab
   755 | D        | Entered arena 12.
   755 | D        | Noticed a sixfirhy
   755 | D        | Noticed a large abomination
   755 | D        | Noticed a large abomination
   756 | D        | Killed a sixfirhy
   756 | D        | Reached XP level 11. HP: 137/137 MP: 11/11
   757 | D        | Noticed a blizzard demon
   758 | D        | Found a transporter.
   760 | D        | Killed a large abomination
   760 | D        | Reached skill level 17 in Fighting
   760 | D        | Reached skill level 18 in Axes
   760 | D        | Killed a large abomination
   763 | D        | Killed a blizzard demon
   763 | D        | Reached skill level 11 in Armour
   791 | D        | Entered arena 13.
   791 | D        | Noticed a frost giant
   792 | D        | Noticed a frost giant
   792 | D        | Noticed a frost giant
   793 | D        | Found a transporter.
   802 | D        | Reached skill level 19 in Axes
   802 | D        | Killed a frost giant
   802 | D        | Reached skill level 18 in Fighting
   804 | D        | Killed a frost giant
   805 | D        | Killed a frost giant
   805 | D        | Reached skill level 20 in Axes
   805 | D        | Reached skill level 12 in Armour
   805 | D        | Reached XP level 12. HP: 153/153 MP: 12/12
   855 | D        | Entered arena 14.
   856 | D        | Noticed a death scarab
   856 | D        | Noticed a greater mummy
   857 | D        | Noticed an emperor scorpion
   857 | D        | Noticed an emperor scorpion
   857 | D        | Noticed a greater mummy
   860 | D        | Noticed an emperor scorpion
   860 | D        | Noticed an emperor scorpion
   860 | D        | Noticed an emperor scorpion
   863 | D        | Killed a death scarab
   863 | D        | Reached skill level 19 in Fighting
   865 | D        | HP: 42/154 [??? (39)]
   866 | D        | Noticed an emperor scorpion
   869 | D        | Noticed an emperor scorpion
   869 | D        | Noticed an emperor scorpion
   870 | D        | HP: 19/228 [poisoned by an emperor scorpion]
   871 | D        | Noticed an emperor scorpion
   871 | D        | Noticed an emperor scorpion
   871 | D        | Noticed an emperor scorpion
   872 | D        | Mangled by an emperor scorpion

Vanquished Creatures
  A tentacled starspawn (D)
  3 frost giants (D)
  A blizzard demon (D)
  A death scarab (D)
  A sixfirhy (D)
  5 large abominations (D)
  2 deep elf archers (D)
  4 deep elf magi (D)
  An apocalypse crab (D)
  2 guardian mummies (D)
  2 rime drakes (D)
  An ice devil (D)
  A freezing wraith (D)
  A raiju (D)
  A flying skull (D)
  A ynoxinul (D)
  A water elemental (D)
  A naga (D)
  An orc warrior (D)
  A necrophage (D)
  An earth elemental (D)
  2 small abominations (D)
  2 crimson imps (D)
  3 quasits (D)
  7 orc priests (D)
  3 orc wizards (D)
  An iron imp (D)
  2 iguanas (D)
  An adder (D)
  3 shadow imps (D)
  5 white imps (D)
  An ufetubus (D)
  An adder skeleton (D)
  An adder zombie (D)
  An adder simulacrum (D)
  6 orcs (D)
  2 bat skeletons (D)
  A jackal (D)
  A ball python skeleton (D)
  A giant cockroach simulacrum (D)
  A leopard gecko simulacrum (D)
  A leopard gecko zombie (D)
  A quokka simulacrum (D)
  A starspawn tentacle (D)
81 creatures vanquished.

Vanquished Creatures (others)
  A starspawn tentacle (D)
1 creature vanquished.

Grand Total: 82 creatures vanquished

Table legend:
 A = Turns spent in this place as a percentage of turns spent in the entire game.
 B = Non-inter-level travel turns spent in this place as a percentage of non-inter-level travel turns spent in the entire game.
 C = Inter-level travel turns spent in this place as a percentage of turns spent in this place.
 D = Turns resting spent in this place as a percentage of non-inter-level travel turns spent in this place.
 E = Turns spent auto-exploring this place as a percentage of non-inter-level travel turns spent in this place.
 F = Non-inter-level travel turns spent in this place divided by the number of levels of this place that you've seen.
                   A       B       C       D       E      F
               +-------+-------+-------+-------+-------+----------------------
         Total | 100.0 | 100.0 |   0.0 |  63.9 |   1.5 | 872.0
       Dungeon | 100.0 | 100.0 |   0.0 |  63.9 |   1.5 | 872.0
               +-------+-------+-------+-------+-------+----------------------
